 Dungeon Crawl Stone Soup version 0.27-a0-1301-g128193abf8 (webtiles) character file.

Game seed: 18289415459254446175

18761 spiderkeys the Blocker (level 12, -2/99 (100) HPs)
             Began as a Palentonga Abyssal Knight on June 18, 2021.
             Was a Priest of Lugonu.
             Slain by a spectral death yak (10 damage)
             ... in a Gauntlet.
             The game lasted 00:18:59 (12575 turns).

spiderkeys the Blocker (Palentonga Abyssal Knight) Turns: 12575, Time: 00:19:00

HP:   -2/99 (100)   AC: 19    Str: 20    XL:     12   Next: 30%
MP:   14/18         EV:  9    Int: 14    God:    Lugonu [***...]
Gold: 225           SH: 17    Dex: 15    Spells: 11/11 levels left

rFire    . . .     SeeInvis +   d - +2 broad axe (spect)
rCold    . . .     Faith    .   v - +0 tower shield
rNeg     . . .     Spirit   .   b - +0 leather armour
rPois    +         Reflect  .   G - +2 hat
rElec    +         Harm     .   i - +2 cloak
rCorr    .         Rampage  .   k - +0 pair of gloves
Will     .....     NoTele   +   (no barding)
Stlth    +.........             A - amulet of the acrobat
HPRegen  0.26/turn              D - +6 ring of dexterity
MPRegen  0.16/turn              J - ring "Setuon" {rElec rPois}

@: lightly drained, curled up
A: large, rugged brown scales 3, see invisible, deformed body, roll 1, armoured
tail, reflexive curl
a: Rolling Charge, Renounce Religion, Depart the Abyss, Bend Space, Banish


You were in a Gauntlet.
You worshipped Lugonu.
Lugonu was most pleased with you.
You visited 1 branch of the dungeon, and saw 11 of its levels.
You visited the Abyss 1 time.
You also visited: Gauntlet.

You collected 1440 gold pieces.
You spent 1215 gold pieces at shops.


Innate Abilities, Weirdness & Mutations

You are completely covered in rugged brown scales. (AC +3, +7% HP)
You have supernaturally acute eyesight. (SInv)
Armour fits poorly on your strangely shaped body.
You can roll at nearby foes to attack.
You have a long armoured tail.
You curl defensively after being hit.


   Skills:
 + Level 8.4 Fighting
 + Level 8.0 Axes
 + Level 6.6 Armour
 - Level 4.2 Dodging
 + Level 9.7 Shields
 + Level 8.7 Invocations


You had 11 spell levels left.
You didn't know any spells.
Your spell library contained the following spells:

 Spells                   Type           Power      Damage    Failure   Level
 Summon Small Mammal      Summ           0%         N/A       71%         1
 Call Imp                 Summ           0%         N/A       83%         2
 Call Canine Familiar     Summ           0%         N/A       97%         3
 Summon Guardian Golem    Hex/Summ       0%         N/A       97%         3
 Summon Ice Beast         Ice/Summ       0%         N/A       100%        4
 Summon Lightning Spire   Summ/Air       0%         N/A       100%        4

Inventory:

Hand Weapons
 a - a +2 hand axe
 d - a +2 spectral broad axe (weapon)
   (You bought it in a shop on level 7 of the Dungeon)
Missiles
 c - 6 javelins
 f - 280 stones
 g - 95 arrows
 h - 111 sling bullets
 p - 17 bolts
 s - 4 boomerangs
 C - 14 poisoned darts
Armour
 b - a +0 leather armour (worn)
 i - a +2 cloak (worn)
   (You found it on level 1 of the Dungeon)
 j - a +0 buckler
   (You found it on level 2 of the Dungeon)
 k - a +0 pair of gloves (worn)
   (You bought it in a shop on level 7 of the Dungeon)
 v - a +0 tower shield (worn)
   (You found it on level 8 of the Dungeon)
 G - a +2 hat (worn)
   (You bought it in a shop on level 7 of the Dungeon)
Magical Staves
 r - a staff of fire {!a}
   (You found it on level 7 of the Dungeon)
Jewellery
 y - the amulet "Binur" {Reflect Regen+ Str+3 SH+5}
   (You found it in a Gauntlet)

   [amulet of reflection]

   It reflects blocked missile attacks.
   It affects your strength (+3).
   It increases your rate of health regeneration.
   It affects your SH (+5).
 A - an amulet of the acrobat (around neck)
   (You found it on level 1 of the Dungeon)
 D - a +6 ring of dexterity (left hand)
   (You found it on level 5 of the Dungeon)
 J - the ring "Setuon" (right hand) {rElec rPois}
   (You bought it in a shop on level 5 of the Dungeon)

   [ring of poison resistance]

   It insulates you from electricity.
   It protects you from poison.
Wands
 l - a wand of mindburst (14)
   (You found it on level 6 of the Dungeon)
 o - a wand of acid (6)
   (You found it on level 3 of the Dungeon)
 t - a wand of charming (11)
   (You found it on level 4 of the Dungeon)
 E - a wand of flame (19)
   (You found it on level 5 of the Dungeon)
 F - a wand of paralysis (16)
   (You found it on level 6 of the Dungeon)
 H - a wand of polymorph (9)
   (You found it on level 6 of the Dungeon)
Scrolls
 n - 2 scrolls of summoning
 q - a scroll of immolation {!r!r}
 x - a scroll of blinking {!r}
 z - a scroll of fear
 B - a scroll of vulnerability {!r!r}
 I - a scroll of identify {@r1}
 O - a scroll of teleportation {@r4}
 P - 2 scrolls of fog
Potions
 e - a potion of resistance
 m - 5 potions of might
 u - a potion of ambrosia
 w - a potion of brilliance
 K - 2 potions of curing {@q1}
 M - a potion of attraction {!q}
 N - a potion of lignification {!q}

Dungeon Overview and Level Annotations

Branches:
Dungeon (11/15)            Temple (0/1) D:4            Lair (0/6) D:11
Gauntlet (1/1)
    Orc: D:9-12

Altars:
Elyvilon
Hepliaklqana
Kikubaaqudgha
Makhleb
Qazlal
Sif Muna
Trog
Uskayaw
Vehumet
Wu Jian
Yredelemnul
Zin
The Shining One

Shops:
D:1 (   D:5 *   D:7 :**(*   D:9 !   D:10 [   D:11 =(

Annotations:
D:11 3 runed translucent doors
Abyss:1 Fannar, Josephine Gauntlet 10 transporters

#§...............###########...≈
##.8.....8.....8...............#
##.....................8.....8.##
#≈...###########...............≈#
##...#ZZ.......#...#########...##
#≈.∩.#BB##.##..#...#uG.....#...#.
##...#.##...##.#####u###.#[#...#.
#§...#.#.....#[#...#G.#...$#...#.
##.8©#....©...B#@Z(##.#©#.©#.8.#.
#≈...#.#.....#Z#...##...#.!#...#.
##...#.##...##[#######.###.#...#.
#§.∩.#..##.##..#...#.......#...#.
##...#.........#...#########...##
#§§..###########...............≈#
##.....................8.....8.##
##§8.....8.....8...............#
#§...............###########...≈


You could see 2 ugly things, 2 glowing orange brains, 2 spectral death yaks, a
death scarab and a friendly spectral +2 spectral broad axe (summoned).


Message History

Your spectral weapon shares its damage with you!
* * * LOW HITPOINT WARNING * * *
😨 HP[-3] MP[+1]
You take 3 damage, and now have 35/100 hp.
You slash the spectral black mamba!
You destroy the spectral black mamba!
Lugonu accepts your kill.
You block the spectral death yak's attack.
Your Axes skill increases to level 8! 😨 HP[+1]
You hit the spectral death yak but do no damage.
You tail-slap the spectral death yak, but do no damage.
Your spectral +2 spectral broad axe hits the spectral death yak!!
The spectral death yak gores you but does no damage. x2
You hit the spectral death yak but do no damage.
You tail-slap the spectral death yak!
Your spectral +2 spectral broad axe hits the spectral death yak!!
You feel yourself speed up. The death scarab bites you!!
* * * LOW HITPOINT WARNING * * *
The death scarab drains your vigour!
You feel yourself slow down.
The death scarab draws strength from your injuries!
The spectral death yak gores you but does no damage.
You block the spectral death yak's attack. 😱 HP[-19] MP[+1]
You take 19 damage, and now have 17/100 hp.
Roll where?
Press: ? - help, Q - select action, (/) - cycle Dir - move target, f - death scarab
Aim: a death scarab
Okay, then.
Okay, then.
Really read
x - 2 scrolls of blinking {!r}?
Blink to where?
Press: ? - help, Dir - move target
As you read the scroll of blinking {!r}, it crumbles to dust.
The spectral dream sheep barely misses you.
The spectral death yak gores you but does no damage.
You block the spectral dream sheep's attack.
You enter the transporter and appear at another place.
You block the spectral death yak's attack.
The spectral dream sheep bites you.
* * * LOW HITPOINT WARNING * * *
The spectral death yak gores you.
* * * LOW HITPOINT WARNING * * *
😱 HP[-5]
You take 5 damage, and now have 12/100 hp.
You feel better.
You block the spectral dream sheep's attack.
The spectral death yak gores you but does no damage.
The spectral dream sheep bites you.
* * * LOW HITPOINT WARNING * * *
You feel drained.
* * * LOW HITPOINT WARNING * * *
😱 HP[+7] MP[+1]
You now have 98 max hp (-2).
You regained 7 hp, and now have 19/98 hp.
You slash the spectral death yak!
You barely miss the spectral dream sheep.
Your spectral +2 spectral broad axe hits the spectral dream sheep!!
Your spectral +2 spectral broad axe hits the spectral death yak but does no damage.
The spectral death yak gores you.
* * * LOW HITPOINT WARNING * * *
You block the spectral dream sheep's attack.
The spectral death yak gores you.
* * * LOW HITPOINT WARNING * * *
You feel drained.
You block the spectral dream sheep's attack. 😱 HP[-8]
You now have 97 max hp (-1).
You take 8 damage, and now have 11/97 hp.
You slash the spectral dream sheep!
You hit the spectral death yak but do no damage.
Your spectral +2 spectral broad axe hits the spectral death yak.
Your spectral +2 spectral broad axe hits the spectral dream sheep!
The spectral death yak gores you but does no damage.
The spectral dream sheep bites your spectral +2 spectral broad axe.
Your spectral weapon shares its damage with you!
* * * LOW HITPOINT WARNING * * *
You block the spectral death yak's attack.
The spectral dream sheep bites your spectral +2 spectral broad axe.
Your spectral weapon shares its damage with you!
* * * LOW HITPOINT WARNING * * *
😱 HP[-4]
You take 4 damage, and now have 7/97 hp.
You slash the spectral dream sheep!
You destroy the spectral dream sheep!
Lugonu accepts your kill.
You hit the spectral death yak but do no damage.
Your spectral +2 spectral broad axe hits the spectral death yak!
You feel yourself speed up.
The spectral death yak gores you but does no damage.
The glowing orange brain pulsates ominously.
You block the spectral death yak's attack. 😱 MP[+1]
You now have 99 max hp (+2).
You hit the spectral death yak. You tail-slap the spectral death yak.
Your spectral +2 spectral broad axe hits the spectral death yak but does no damage.
The spectral death yak gores you!
You die...

Skill      XL: |  1  2  3  4  5  6  7  8  9 10 11 12 |
---------------+-------------------------------------+-----
Dodging        | 1 2 3 4 |  4.2
Armour         | 2 3 4 5 6 |  6.6
Invocations    | 3 4 5 6 8 |  8.7
Shields        | 1 2 3 4 5 9 |  9.7
Axes           | 3 4 5 6 7 8 |  8.0
Fighting       | 4 5 6 8 |  8.4

Action                   |  1- 3 |  4- 6 |  7- 9 | 10-12 || total
-------------------------+-------+-------+-------+-------++-------
Melee: Hand axe          |    86 |   118 |   250 |       ||   454
       Tailslap          |     5 |    15 |    48 |    17 ||    85
       Broad axe         |       |       |    71 |    88 ||   159
Throw: Javelin           |       |       |     6 |       ||     6
Invok: Bend Space        |       |       |     2 |       ||     2
       Banish            |       |       |       |     4 ||     4
 Abil: Rolling Charge    |    10 |    30 |    33 |    19 ||    92
Evoke: Wand              |       |     2 |       |       ||     2
  Use: Scroll            |     3 |     4 |    13 |     6 ||    26
       Potion            |     1 |       |     5 |     3 ||     9
 Stab: Sleeping          |       |       |     1 |       ||     1
       Distracted        |       |       |     1 |       ||     1
Armor: Leather armour    |    32 |    46 |   126 |    27 ||   231
       Skin              |       |       |    13 |       ||    13
Dodge: Dodged            |    47 |    60 |   126 |    20 ||   253
Block: Buckler           |     2 |    11 |    45 |       ||    58
       Tower shield      |       |       |    30 |    61 ||    91

Levels and vault maps discovered:
D:1:      dpeg_arrival_simpleton_c, layout_basic,
          shapermc_ecumenical_altar_flowoftime, serial_shops, shop
D:2:      layout_loops_cross
D:3:      layout_basic, vehumet_crystals,
          nicolae_uskayaw_murder_on_the_dancefloor
D:4:      layout_loops_cross, kiku_gazebo_garden_becter, amcnicky_altar_gilded,
          minmay_temple_entry_statues_fountains, uniq_menkaure
D:5:      minmay_chambers_of_threes, layout_loops_ring,
          nicolae_qazlal_style_of_elements, makhleb_blood_cavern_becter,
          chequers_temple_overflow_minitemple, guppyfry_shop_venom
D:6:      layout_loops_ring, general_overflow_altar, corexii_hall_statues_t,
          uniq_eustachio
D:7:      layout_cave_pods, nzn_wu_jian_contemplation, serial_shops, shop,
          nicolae_shop_waterfront, kennysheep_mini, shop,
          nicolae_shop_behind_doors
D:8:      layout_basic
D:9:      layout_stronghold, nicolae_hepliaklqana_monster_ancestors,
          serial_shops, shop, uniq_erolcha, uniq_erica
D:10:     layout_basic, kennysheep_little_box, serial_shops,
          nicolae_stop_n_shop_1, uniq_josephine, uniq_fannar
D:11:     layout_basic, dpeg_lair_monsters,
          ploomutoo_gammafunk_ghost_potion_laboratory, gauntlet_entry_generic,
          serial_shops, nicolae_shop_competitors_out_of_business,
          nicolae_shop_trees, shop_fountains, nicolae_shop_crystal, shop,
          kennysheep_flooded_box, hex_medium
Gauntlet: minmay_gauntlet_mixed_oops_all_seconds
          [minmay_gauntlet_arena_77_p_blocks,
          gammafunk_gauntlet_arena_split_diamond,
          minmay_gauntlet_arena_77_hold_the_fort,
          nicolae_gauntlet_arena_flowing_pool,
          minmay_gauntlet_arena_77_broken_ladder,
          gammafunk_gauntlet_arena_split_x,
          nicolae_gauntlet_exit_dead_adventurers]

Notes
Turn   | Place    | Note
-------+----------+-------------------------------------------
     0 | Abyss:1  | spiderkeys the Palentonga Abyssal Knight began the quest
                  | for the Orb.
     0 | Abyss:1  | Reached XP level 1. HP: 19/19 MP: 2/2
     0 | Abyss:1  | magus.rc [v1.9.10]
     7 | Abyss:1  | Found a shimmering blue altar of Sif Muna.
    48 | Abyss:2  | Noticed a crimson imp
    48 | Abyss:2  | Noticed a crimson imp
    48 | Abyss:2  | Noticed a crimson imp
    56 | D:1      | You pass through the gate.
    56 | D:1      | Escaped the Abyss
   356 | D:1      | Found Jitzavug's Weapon Emporium.
   359 | D:1      | Reached skill level 1 in Dodging
   362 | D:1      | Reached XP level 2. HP: 25/25 MP: 3/3
   810 | D:1      | Reached XP level 3. HP: 27/31 MP: 4/4
   845 | D:1      | Found a faded altar of an unknown god.
  1207 | D:2      | Reached skill level 2 in Armour
  1660 | D:2      | Reached XP level 4. HP: 36/37 MP: 4/6
  1813 | D:2      | Reached ** piety under Lugonu
  1900 | D:2      | You fall into a shaft and drop 2 floors!
  1900 | D:4      | Found a staircase to the Ecumenical Temple.
  1923 | D:4      | Found an ancient bone altar of Kikubaaqudgha.
  2294 | D:3      | Found a radiant altar of Vehumet.
  2398 | D:3      | Found a hide-covered altar of Uskayaw.
  2667 | D:3      | Identified a scroll of acquirement
  2667 | D:3      | Acquired 756 gold pieces
  2746 | D:4      | Reached skill level 3 in Invocations
  2746 | D:4      | Reached XP level 5. HP: 44/44 MP: 7/7
  2748 | D:4      | Reached skill level 1 in Shields
  3008 | D:4      | Reached skill level 2 in Dodging
  3015 | D:4      | Noticed an ogre
  3018 | D:4      | Reached skill level 3 in Axes
  3458 | D:4      | Killed an ogre
  3459 | D:4      | Reached skill level 4 in Fighting
  3459 | D:4      | Reached XP level 6. HP: 51/51 MP: 8/8
  3461 | D:4      | Noticed Menkaure
  3471 | D:4      | Killed Menkaure
  3876 | D:4      | Found a glowing silver altar of Zin.
  4072 | D:4      | Reached skill level 2 in Shields
  4072 | D:4      | Gained mutation: You curl defensively after being hit.
                  | [Palentonga growth]
  4072 | D:4      | Reached XP level 7. HP: 42/58 MP: 9/9
  4313 | D:5      | Entered Level 5 of the Dungeon
  4364 | D:5      | Found a burning altar of Makhleb.
  4375 | D:5      | Reached skill level 3 in Armour
  4375 | D:5      | Reached skill level 4 in Invocations
  4631 | D:5      | Found a basalt altar of Yredelemnul.
  4631 | D:5      | Found a faded altar of an unknown god.
  4677 | D:5      | Found a glowing golden altar of the Shining One.
  4679 | D:5      | Found a faded altar of an unknown god.
  4681 | D:5      | Found a shimmering blue altar of Sif Muna.
  5006 | D:5      | Reached skill level 4 in Axes
  5115 | D:5      | HP: 13/58 [hound (5)]
  5131 | D:5      | Reached skill level 3 in Dodging
  5152 | D:5      | Reached *** piety under Lugonu
  5153 | D:5      | Reached XP level 8. HP: 42/65 MP: 11/11
  5640 | D:5      | Reached skill level 5 in Fighting
  5664 | D:5      | Found a stormy altar of Qazlal.
  5666 | D:5      | Noticed an air elemental
  5765 | D:5      | Found Vukood's Serpentskin Sales.
  5881 | D:6      | Reached skill level 3 in Shields
  6052 | D:5      | Reached skill level 5 in Invocations
  6344 | D:6      | Reached skill level 4 in Armour
  6427 | D:6      | Noticed Eustachio
  6558 | D:6      | Killed Eustachio
  6559 | D:6      | Reached skill level 5 in Axes
  6740 | D:6      | You pick up a book of Callings and begin reading...
  6740 | D:6      | You add the spells Summon Small Mammal, Call Imp, Call
                  | Canine Familiar, Summon Guardian Golem, Summon Lightning
                  | Spire and Summon Ice Beast to your library.
  6874 | D:6      | Found a bloodstained altar of Trog.
  7082 | D:7      | Found Yxomis's Weapon Boutique.
  7140 | D:7      | Bought a +0 broad axe for 60 gold pieces
  7177 | D:7      | Found an ornate altar of the Wu Jian Council.
  7303 | D:7      | Reached XP level 9. HP: 73/73 MP: 13/13
  7461 | D:7      | Found Cisahuy's Book Emporium.
  7484 | D:7      | Reached skill level 4 in Dodging
  7626 | D:7      | Reached skill level 6 in Fighting
  7747 | D:7      | Found Qoimafu's General Store.
  7755 | D:7      | Bought a +0 pair of gloves for 58 gold pieces
  7755 | D:7      | Bought a scroll of identify for 26 gold pieces
  7821 | D:7      | Found Rapoy's Assorted Antiques.
  7830 | D:7      | Bought a scroll of enchant weapon for 255 gold pieces
  7997 | D:7      | Found Atakk's General Store.
  8117 | D:7      | Bought a scroll of identify for 28 gold pieces
  8117 | D:7      | Bought a scroll of identify for 28 gold pieces
  8117 | D:7      | Bought a +2 hat for 224 gold pieces
  8198 | D:8      | Reached skill level 4 in Shields
  8341 | D:8      | Reached skill level 6 in Invocations
  8636 | D:9      | Found Uqiwiam's Distillery.
  8646 | D:8      | HP: 12/73 [yak (10)]
  9109 | D:8      | Reached skill level 6 in Axes
  9115 | D:8      | HP: 11/75 [yak (12)]
  9117 | D:8      | Reached skill level 5 in Armour
  9468 | D:9      | Bought a potion of heal wounds for 70 gold pieces
  9551 | D:9      | Bought a potion of curing for 42 gold pieces
  9551 | D:9      | Bought a potion of curing for 42 gold pieces
  9551 | D:9      | Bought a potion of curing for 42 gold pieces
  9727 | D:9      | Reached XP level 10. HP: 82/82 MP: 15/15
  9730 | D:9      | Reached skill level 7 in Fighting
  9730 | D:9      | Reached skill level 7 in Invocations
  9912 | D:9      | Noticed Erica
  9915 | D:9      | Killed Erica
  9916 | D:9      | Reached skill level 5 in Shields
 10115 | D:9      | Found a hazy altar of Hepliaklqana.
 10116 | D:9      | Reached **** piety under Lugonu
 10261 | D:9      | Noticed Erolcha
 10266 | D:9      | Killed Erolcha
 10267 | D:9      | Reached skill level 7 in Axes
 10605 | D:10     | Entered Level 10 of the Dungeon
 10612 | D:10     | Noticed Fannar
 10666 | D:10     | Noticed Josephine
 10679 | D:9      | Reached skill level 6 in Armour
 10896 | D:10     | Found Uzig's Antique Armour Boutique.
 11007 | D:9      | Reached skill level 8 in Invocations
 11320 | D:10     | Banished Josephine
 11321 | D:10     | Reached skill level 8 in Fighting
 11321 | D:10     | Reached XP level 11. HP: 54/92 MP: 12/17
 11333 | D:10     | Reached skill level 6 in Shields
 11506 | D:10     | Banished Fannar
 11834 | D:10     | Identified a potion of experience
 11836 | D:10     | Reached skill level 9 in Shields
 11836 | D:10     | Reached XP level 12. HP: 99/99 MP: 18/18
 11900 | D:10     | Found a white marble altar of Elyvilon.
 12194 | D:5      | Bought the ring "Setuon" {rElec rPois} for 340 gold pieces
 12306 | D:11     | Found Gunoykhlu's Jewellery Shoppe.
 12320 | D:11     | Found Okhirph's Antique Weapon Shop.
 12332 | D:11     | Noticed a death yak
 12334 | D:11     | Found a staircase to the Lair.
 12334 | D:11     | Noticed a death yak
 12335 | D:11     | Noticed a death yak
 12340 | D:11     | Found a runed translucent gate.
 12340 | D:11     | Found a runed translucent gate.
 12340 | D:11     | Found a runed translucent gate.
 12340 | D:11     | Noticed a cyan very ugly thing
 12365 | D:11     | Found a gate leading to a gauntlet.
 12371 | Gauntlet | Entered a Gauntlet
 12371 | Gauntlet | Found a transporter.
 12372 | Gauntlet | Noticed a death scarab
 12380 | Gauntlet | Found a transporter.
 12392 | Gauntlet | Found a transporter.
 12393 | Gauntlet | Noticed a blizzard demon
 12396 | Gauntlet | Found a transporter.
 12411 | Gauntlet | Found a transporter.
 12429 | Gauntlet | Found a transporter.
 12442 | Gauntlet | Found a transporter.
 12444 | Gauntlet | Noticed a cacodemon
 12464 | Gauntlet | Found a transporter.
 12466 | Gauntlet | Found a transporter.
 12471 | Gauntlet | Noticed a blizzard demon
 12477 | Gauntlet | Found a transporter.
 12499 | Gauntlet | Found a transporter.
 12499 | Gauntlet | Found a transporter.
 12531 | Gauntlet | Noticed a death scarab
 12558 | Gauntlet | Identified the amulet "Binur" {Reflect Regen+ Str+3 SH+5}
 12562 | Gauntlet | Banished a death scarab
 12567 | Gauntlet | Reached skill level 8 in Axes
 12568 | Gauntlet | HP: 17/100 [death scarab (20)]
 12573 | Gauntlet | HP: 9/97 [spectral dream sheep (3)]
 12575 | Gauntlet | Slain by a spectral death yak

Vanquished Creatures
  Erolcha (D:9)
  Erica (D:9)
  A spectral dream sheep (Gauntlet)
  A spectral black mamba (Gauntlet)
  3 wraiths
  A shadow (D:11)
  17 yaks
  Eustachio (D:6)
  A steam dragon (D:8)
  Menkaure (D:4)
  A water moccasin (D:7)
  3 ice beasts
  A sky beast (D:6)
  A black bear (D:6)
  2 necrophages
  An orc warrior (D:10)
  An ogre (D:4)
  3 centaurs
  3 bullfrogs
  A scorpion (D:7)
  A wyvern zombie (D:5)
  A water moccasin zombie (D:5)
  A water moccasin skeleton (D:5)
  9 howler monkeys
  A bullfrog zombie (D:5)
  3 centaur zombies
  3 jellies
  A bullfrog skeleton (D:5)
  2 orc priests (D:4)
  4 hounds
  2 hell rats (D:11)
  3 iguanas (D:5)
  8 orc wizards
  A killer bee zombie (D:9)
  2 hound skeletons (D:5)
  3 howler monkey zombies
  4 gnolls
  8 adders
  A shadow imp (D:6)
  2 white imps
  An ufetubus (D:6)
  An adder skeleton (D:4)
  3 worms
  5 dart slugs
  16 orcs
  5 bats
  2 endoplasms (D:1)
  5 giant cockroaches
  6 goblins
  7 hobgoblins
  3 jackals
  A kobold (D:1)
  5 quokkas
  5 ball pythons
  2 frilled lizards (D:1)
  3 rats
  A spectral goblin (D:9)
176 creatures vanquished.

Vanquished Creatures (others)
  An orc (D:10)
  A withered plant (D:4)
2 creatures vanquished.

Grand Total: 178 creatures vanquished

Table legend:
 A = Non-vault XP
 B = Vault XP
 C = Vault XP percentage of total XP
 D = Non-vault monster count
 E = Vault monster count
 F = Vault count percentage of total count
                 A         B        C        D         E       F
            +---------+---------+-------+---------+---------+-------
      Total |    7846 |    7054 |  47.3 |     145 |      34 |  19.0
            +---------+---------+-------+---------+---------+-------
        D:1 |      71 |       0 |   0.0 |      25 |       0 |   0.0
        D:2 |      44 |       0 |   0.0 |       8 |       0 |   0.0
        D:3 |      41 |       0 |   0.0 |      13 |       0 |   0.0
        D:4 |     461 |     169 |  26.8 |      21 |       1 |   4.5
        D:5 |     429 |     576 |  57.3 |      10 |      16 |  61.5
        D:6 |     673 |     197 |  22.6 |      13 |       1 |   7.1
        D:7 |     841 |       0 |   0.0 |      11 |       0 |   0.0
        D:8 |    1618 |       0 |   0.0 |      12 |       0 |   0.0
        D:9 |    2192 |    2181 |  49.9 |      20 |       5 |  20.0
       D:10 |    1262 |    2480 |  66.3 |      11 |       4 |  26.7
       D:11 |     214 |      76 |  26.2 |       1 |       4 |  80.0
   Gauntlet |       0 |    1375 | 100.0 |       0 |       3 | 100.0
            +---------+---------+-------+---------+---------+-------

Illustrated notes

Table legend:
 A = Kills in this place as a percentage of kills in entire the game.
 B = Kills by you in this place as a percentage of kills by you in the entire game.
 C = Kills by friends in this place as a percentage of kills by friends in the entire game.
 D = Other kills in this place as a percentage of other kills in the entire game.
 E = Experience gained in this place as a percentage of experience gained in the entire game.
 F = Experience gained in this place divided by the number of levels of this place that you have seen.
                   A       B       C       D       E      F
               +-------+-------+-------+-------+-------+----------------------
         Total | 100.0 | 100.0 |   N/A | 100.0 | 100.0 | 1064.3
       Dungeon |  98.3 |  98.9 |   N/A |  66.7 |  90.8 | 1229.5
      Gauntlet |   1.7 |   1.1 |   N/A |  33.3 |   9.2 | 1375.0
               +-------+-------+-------+-------+-------+----------------------

Table legend: (Time is in decaauts)
 A = Elapsed time spent in this place.
 B = Non-inter-level travel time spent in this place.
 C = Inter-level travel time spent in this place.
 D = Time resting spent in this place.
 E = Time spent auto-exploring this place.
 F = Levels seen in this place.
 G = Mean time per level.
                   A        B        C        D        E       F      G
               +--------+--------+--------+--------+--------+-----+--------+
         Total |  12744 |  12063 |    681 |   2298 |   8064 |  14 |  910.3 |
       Dungeon |  12474 |  11793 |    681 |   2298 |   7898 |  11 | 1134.0 |
         Abyss |     55 |     55 |      0 |      0 |      9 |   2 |   27.5 |
      Gauntlet |    215 |    215 |      0 |      0 |    157 |   1 |  215.0 |
               +--------+--------+--------+--------+--------+-----+--------+

Top non-repeatable levels by time:
     D:5: 2003 daAuts
     D:9: 1967 daAuts
     D:7: 1654 daAuts
     D:1: 1508 daAuts
     D:4: 1283 daAuts
     D:3: 1155 daAuts
     D:6: 866 daAuts
     D:8: 816 daAuts
    D:10: 795 daAuts
     D:2: 357 daAuts
Gauntlet: 215 daAuts
    D:11: 65 daAuts
 Abyss:2: 35 daAuts
 Abyss:1: 20 daAuts
